 Seeded DCSS version 0.28-a0-1567-g1695149f81 (webtiles) character file.

Game seed: 862 (custom seed)

56 knot the Chopper (level 3, 0/29 HPs)
             Began as a Demonspawn Berserker on Jan 20, 2022.
             Was a Follower of Trog.
             Succumbed to an adder's poison
             ... on level 3 of the Dungeon.
             The game lasted 00:00:57 (1614 turns).

knot the Chopper (Demonspawn Berserker)             Turns: 1614, Time: 00:00:58

Health: 0/29       AC:  2    Str: 17    XL:     3   Next: 69%
Magic:  3/3        EV: 12    Int: 10    God:    Trog [*.....]
Gold:   91         SH:  0    Dex: 12    Spells: 2/2 levels left

rFire   . . .      SeeInvis .   a - +0 hand axe
rCold   . . .      Faith    .   (no shield)
rNeg    . . .      Spirit   .   b - +0 animal skin
rPois   .          Reflect  .   (no helmet)
rElec   .          Harm     .   (no cloak)
rCorr   .          Rampage  .   (no gloves)
Will    .....                   (no boots)
Stlth   +.........              (no amulet)
HPRegen 0.09/turn               (no ring)
MPRegen 0.08/turn               (no ring)

@: brilliant, lethally poisoned (0 -> -3), on berserk cooldown, slowed, very
slow
A: powered by death 1
a: Renounce Religion, Berserk


You were on level 3 of the Dungeon.
You worshipped Trog.
Trog was aware of your devotion.
You visited 1 branch of the dungeon, and saw 3 of its levels.

You collected 91 gold pieces.

Inventory:

Hand Weapons
 a - a +0 hand axe (weapon)
Missiles
 d - 5 poisoned darts (quivered)
 f - 15 sling bullets
 h - 68 stones
Armour
 b - a +0 animal skin (worn)
Jewellery
 e - a ring of fire
Scrolls
 g - 2 scrolls of identify {unknown}
 i - a scroll of noise {unknown}
 j - a scroll of blinking {unknown}
Potions
 c - a potion of might {unknown}


   Skills:
 - Level 3.0 Fighting
 + Level 4.3 Axes
 - Level 1.7 Armour
 - Level 1.7 Dodging


You had 2 spell levels left.
You didn't know any spells.
Your spell library was empty.

Dungeon Overview and Level Annotations

Branches:
Dungeon (3/15)

Altars:


Innate Abilities, Weirdness & Mutations

You regenerate a little health from kills.


Message History

The adder poisons you! The adder bites you.
A red film seems to cover your vision as you go berserk!
You feel yourself moving faster!
You feel mighty!
* * * LOW HITPOINT WARNING * * *
You feel very sick. The adder bites you but does no damage.
You slash the adder!
You kill the adder!
Trog accepts your kill.
* * * LOW HITPOINT WARNING * * *
You feel sick.
You start resting.
* * * LOW HITPOINT WARNING * * *
You feel sick.
You start resting.
You feel a strong urge to attack something.
* * * LOW HITPOINT WARNING * * *
You feel sick.
You start resting.
* * * LOW HITPOINT WARNING * * *
You feel sick.
You start resting.
You feel your anger nearly subside.
* * * LOW HITPOINT WARNING * * *
You feel sick.
You start resting.
You are no longer berserk.
You are exhausted.
You feel yourself slow down.
* * * LOW HITPOINT WARNING * * *
You feel sick.
There is a lethal amount of poison in your body!
Okay, then.
It was a potion of berserk rage.
You're still recovering from your berserk rage.
* * * LOW HITPOINT WARNING * * *
You feel sick.
It was a potion of brilliance.
You feel clever all of a sudden.
You die...

#. #.# # #..#.#..
#..#.#.#### #. ...
...
.####.##<##.#####
.................
..>......#...#
..##.#....@..#
#.#..#.##....#
#.#..#.##....#
#.#.............
#.#.....##.#####
.#####.#.###<##..
..........#..#####
.......#.........
#########........


There were no monsters in sight!

Vanquished Creatures
  3 adders
  A dart slug (D:1)
  A worm (D:2)
  2 endoplasms (D:2)
  2 giant cockroaches
  5 goblins
  2 hobgoblins (D:2)
  4 ball pythons
  3 kobolds
  A rat (D:2)
24 creatures vanquished.

Notes
Turn   | Place    | Note
-------+----------+-------------------------------------------
     0 | D:1      | knot the Demonspawn Berserker began the quest for the Orb.
     0 | D:1      | Reached XP level 1. HP: 18/18 MP: 1/1
   127 | D:1      | Reached skill level 3 in Axes
   340 | D:1      | Found a faded altar of an unknown god.
   457 | D:1      | Gained mutation: You regenerate a little health from kills.
                  | [demonic ancestry]
   457 | D:1      | Reached XP level 2. HP: 19/24 MP: 2/2
   895 | D:2      | Reached skill level 4 in Axes
   895 | D:2      | Reached XP level 3. HP: 16/29 MP: 3/3
  1614 | D:3      | Succumbed to an adder's poison

Illustrated notes

Levels and vault maps discovered:
D:1:      minmay_arrival_semitransparent, layout_rooms,
          hellmonk_ecumenical_altar_heavens_door, minmay_misc_feat_encased
D:2:      layout_rooms, kennysheep_generic_room_8
D:3:      layout_basic

Skill      XL: |  1  2 |
---------------+-------+-----
Axes           | 3 4 |  4.3
Fighting       | |  3.0
Armour         | |  1.7
Dodging        | |  1.7

Action                   || total
-------------------------++-------
Melee: Hand axe          ||    65
Invok: Berserk           ||     3
  Use: Potion            ||     2
Armor: Animal skin       ||     8
Dodge: Dodged            ||    47

Table legend: (Time is in decaauts)
 A = Elapsed time spent in this place.
 B = Non-inter-level travel time spent in this place.
 C = Inter-level travel time spent in this place.
 D = Time resting spent in this place.
 E = Time spent auto-exploring this place.
 F = Levels seen in this place.
 G = Mean time per level.
                   A        B        C        D        E       F      G
               +--------+--------+--------+--------+--------+-----+--------+
         Total |   1640 |   1591 |     49 |    465 |    941 |   3 |  546.7 |
       Dungeon |   1640 |   1591 |     49 |    465 |    941 |   3 |  546.7 |
               +--------+--------+--------+--------+--------+-----+--------+

Top non-repeatable levels by time:
     D:2: 1071 daAuts
     D:1: 522 daAuts
     D:3: 46 daAuts
